 Dungeon Crawl Stone Soup version 0.28.0-45-g0d030f2227 (webtiles) character file.

Game seed: 7108086958796429068

2156 Faeu the Blocker (level 9, 0/81 HPs)
             Began as a Minotaur Fighter on Mar 30, 2022.
             Was a Believer of Okawaru.
             Slain by a wyvern zombie (5 damage)
             ... in an ossuary.
             The game lasted 00:27:47 (6377 turns).

Faeu the Blocker (Minotaur Fighter)                 Turns: 6377, Time: 00:27:48

Health: 0/81       AC: 10    Str: 26    XL:     9   Next: 10%
Magic:  8/8        EV:  9    Int:  5    God:    Okawaru [**....]
Gold:   317        SH:  5    Dex:  9    Spells: 8/8 levels left

rFire   . . .      SeeInvis .   p - +8 mace "Kiclos" {venom, rPois Stlth+, mace}
rCold   . . .      Faith    .   c - +0 buckler
rNeg    . . .      Spirit   .   b - +0 scale mail
rPois   +          Reflect  .   v - +0 hat
rElec   .          Harm     .   A - +0 cloak
rCorr   .          Rampage  .   f - +0 pair of gloves
Will    .....                   (no boots)
Stlth   +.........              (no amulet)
HPRegen 0.23/turn               C - ring of poison resistance
MPRegen 0.11/turn               (no ring)

@: slowed, very slow
A: horns 2, retaliatory headbutt
a: Renounce Religion, Heroism


You were in an ossuary.
You worshipped Okawaru.
Okawaru was pleased with you.
You visited 1 branch of the dungeon, and saw 7 of its levels.
You also visited: Ossuary.

You collected 317 gold pieces.


Innate Abilities, Weirdness & Mutations

You have a pair of horns on your head.
You reflexively headbutt those who attack you in melee.


   Skills:
 + Level 8.1 Fighting
 + Level 7.5 Axes
 + Level 8.0 Armour
 + Level 8.1 Shields


You had 8 spell levels left.
You didn't know any spells.
Your spell library contained the following spells:

 Spells                   Type           Power      Damage    Failure   Level
 Olgreb's Toxic Radiance  Pois           0%         N/A       100%        4
 Borgnjor's Vile Clutch   Necr/Erth      0%         N/A       100%        5
 Ozocubu's Refrigeration  Ice            0%         4d5       100%        7
 Ignition                 Fire           0%         3d3       100%        8
 Animate Dead             Necr           Unusable   N/A       N/A         4
 Death Channel            Necr           Unusable   N/A       N/A         6

Inventory:

Hand Weapons
 a - a +0 war axe {axe}
 d - a +1 dagger of venom {short}
   (You took it off an orc wizard on level 3 of the Dungeon)
 p - the +8 mace "Kiclos" (weapon) {venom, rPois Stlth+, mace}
   (You found it on level 3 of the Dungeon)

   It poisons the flesh of those it strikes.
   rPois:     It protects you from poison.
   Stlth:     It makes you more stealthy.
Missiles
 k - 3 poisoned darts {throwing}
 m - 4 javelins (quivered) {throwing}
 q - 6 boomerangs {throwing}
Armour
 b - a +0 scale mail (worn)
 c - a +0 buckler (worn)
 f - a +0 pair of gloves (worn)
   (You found it on level 1 of the Dungeon)
 v - a +0 hat (worn)
   (You found it on level 4 of the Dungeon)
 A - a +0 cloak (worn)
   (You found it on level 6 of the Dungeon)
 E - a +1 leather armour of fire resistance
   (You found it on level 7 of the Dungeon)
Jewellery
 C - a ring of poison resistance (left hand)
   (You found it on level 6 of the Dungeon)
Wands
 w - a wand of mindburst (3)
   (You found it on level 5 of the Dungeon)
 y - a wand of polymorph (8)
   (You found it on level 6 of the Dungeon)
 z - a wand of flame (15)
   (You found it on level 6 of the Dungeon)
Scrolls
 i - 7 scrolls of identify {unknown}
 j - 7 scrolls of teleportation {unknown}
 l - 2 scrolls of enchant armour {unknown}
 n - a scroll of blinking {unknown}
 s - 2 scrolls of magic mapping {unknown}
 t - 3 scrolls of immolation {!r!r}
 u - a scroll of fog {unknown}
 D - a scroll of noise {unknown}
 G - a scroll of enchant weapon {unknown}
 I - a scroll of torment {unknown}
 J - a scroll of acquirement {unknown}
Potions
 e - a potion of mutation {unknown}
 g - a potion of attraction {unknown}
 h - 4 potions of curing {unknown}
 o - a potion of magic {unknown}
 r - 2 potions of lignification {unknown}
 x - a potion of haste {unknown}
 B - a potion of brilliance {unknown}
 F - a potion of might
 H - a potion of degeneration {unknown}
 K - a potion of berserk rage {unknown}

Dungeon Overview and Level Annotations

Branches:
Dungeon (7/15)             Temple (0/1) D:5         Ossuary (1/1)

Altars:
Cheibriados
Dithmenos
Makhleb
Okawaru
Ru

Shops:
D:2 [   D:6 (

Annotations:
D:3 1 runed translucent door, Quickbrownfox's ghost, amateur OpIE
D:7 DoubleLucky's ghost, amateur TrFi

#.'.#...# #...#≈..#≈#
###.#...###.∩.#≈≈##≈
+.#...#.#∩..#≈≈.≈##
###≈#####≈#####≈##≈≈#
#.'≈.≈.≈≈≈≈≈.≈≈≈..##
###≈#####'#####≈≈##
+.# #.#...#≈..# #.#
###...#≈≈## '.#
#.@.#≈≈.###≈#
#.##'##'##Z##.≈≈≈≈≈#
+......≈≈.≈.....≈###
#+#+#.≈≈≈.≈.#≈≈###
#.#.#.#.#.≈≈# #
####≈###### #≈ #≈ ##


You could see a wyvern zombie.


Message History

You barely miss the bog mummy. Your headbutt misses the bog mummy.
The bog mummy barely misses you.
You sock the bog mummy!
You destroy the bog mummy!
Okawaru accepts your kill. The bog mummy hits you. 😕 HP[-4]
You take 4 damage, and now have 63/81 hp.
Your unstable footing causes you to fumble your attack.
The bog mummy hits you but does no damage.
You sock the bog mummy! Your headbutt misses the bog mummy.
You thump the bog mummy!
You destroy the bog mummy!
Okawaru accepts your kill. 😕 HP[+1]
A centaur zombie comes into view. 😕 HP[+1]
The centaur zombie hits you but does no damage.
The centaur zombie barely misses you.
You barely miss the centaur zombie. You headbutt the centaur zombie!
The centaur zombie hits you but does no damage.
The centaur zombie kicks you but does no damage.
You sock the centaur zombie! You block the centaur zombie's attack.
The centaur zombie kicks you but does no damage.
The centaur zombie hits you.
The centaur zombie closely misses you. 😕 HP[-2]
You take 2 damage, and now have 63/81 hp.
You barely miss the centaur zombie. You headbutt the centaur zombie.
You block the centaur zombie's attack.
The centaur zombie kicks you but does no damage.
The centaur zombie hits you but does no damage.
The centaur zombie kicks you but does no damage. 😕 HP[+1]
You sock the centaur zombie!
You destroy the centaur zombie!
Okawaru accepts your kill.
A bog mummy comes into view.
You enter the shallow water.
Moving in this stuff is going to be slow. 😕 HP[+1]
You completely miss the bog mummy. You hit the bog mummy.
Your headbutt misses the bog mummy.
The bog mummy points at you and mumbles some strange words.
You feel yourself slow down.
You barely miss the bog mummy.
A wyvern zombie comes into view.
The bog mummy splashes around in the water. 😕 HP[+1]
The bog mummy hits you. The wyvern zombie misses you. 😮 HP[-6]
You take 6 damage, and now have 60/81 hp.
You sock the bog mummy! You block the wyvern zombie's attack.
The bog mummy casts a spell at you. The puff of frost misses you.
The wyvern zombie bites you but does no damage.
You hit the bog mummy. You headbutt the bog mummy.
You destroy the bog mummy!
Okawaru accepts your kill. The wyvern zombie closely misses you.
You furiously retaliate!
You headbutt the wyvern zombie, but do no damage.
The wyvern zombie bites you! 😮 HP[-10]
You take 10 damage, and now have 50/81 hp.
You enter the shallow water.
Moving in this stuff is going to be slow.
The wyvern zombie bites you! You block the wyvern zombie's attack.
The wyvern zombie bites you!
* * * LOW HITPOINT WARNING * * *
😨 HP[-19]
You take 19 damage, and now have 31/81 hp.
MASSIVE DAMAGE!! (PAUSE)
The wyvern zombie barely misses you. 😨 HP[+1]
You hit the wyvern zombie.
The wyvern zombie bites you but does no damage.
You block the wyvern zombie's attack.
You bludgeon the wyvern zombie!! The wyvern zombie bites you.
* * * LOW HITPOINT WARNING * * *
The wyvern zombie closely misses you.
The wyvern zombie barely misses you. 😨 HP[-3]
You take 3 damage, and now have 29/81 hp.
You barely miss the wyvern zombie. You block the wyvern zombie's attack.
The wyvern zombie bites you!
* * * LOW HITPOINT WARNING * * *
😱 HP[-12]
You take 12 damage, and now have 17/81 hp.
You barely miss the wyvern zombie. The wyvern zombie bites you!
* * * LOW HITPOINT WARNING * * *
The wyvern zombie bites you.
* * * LOW HITPOINT WARNING * * *
😱 HP[-13]
You take 13 damage, and now have 4/81 hp.
You completely miss the wyvern zombie. Your headbutt misses the wyvern zombie.
The wyvern zombie barely misses you. You furiously retaliate!
You headbutt the wyvern zombie, but do no damage.
You block the wyvern zombie's attack. 😱 HP[+1]
You sock the wyvern zombie! You block the wyvern zombie's attack.
The wyvern zombie bites you.
You die...

Skill      XL: |  1  2  3  4  5  6  7  8  9 |
---------------+----------------------------+-----
Shields        | 4 5 6 8 |  8.1
Armour         | 4 5 6 7 8 |  8.0
Fighting       | 4 5 6 7 8 |  8.1
Axes           | 3 4 5 6 7 |  7.5

Action                   |  1- 3 |  4- 6 |  7- 9 || total
-------------------------+-------+-------+-------++-------
Melee: War axe           |    90 |    73 |       ||   163
       Headbutt          |    18 |    13 |    24 ||    55
       Mace              |       |       |   143 ||   143
Throw: Dart              |       |       |     4 ||     4
       Javelin           |       |       |    11 ||    11
  Use: Potion            |       |     1 |       ||     1
Armor: Scale mail        |    64 |    32 |    60 ||   156
Dodge: Dodged            |    47 |    29 |    63 ||   139
Block: Buckler           |    31 |    16 |    38 ||    85

Levels and vault maps discovered:
D:1:      wander_arrival_estate, layout_rooms, nicolae_ecumenical_lake_church
D:2:      layout_loops_ring, serial_shops,
          nicolae_shop_temple_entry_statues_fountains
D:3:      layout_loops_ring, ebering_ghost_inner_flame
D:4:      layout_loops_corners, nicolae_overflow_quartered_altars,
          serial_rivers, chequers_serial_rivers_large_a,
          chequers_serial_rivers_room_a, chequers_serial_rivers_room_b,
          chequers_serial_rivers_micro_a, chequers_serial_rivers_room_a,
          chequers_serial_rivers_micro_a
D:5:      layout_basic, minmay_temple_entry_antechambers,
          chequers_serial_rivers_marsh
D:6:      layout_loops_cross, serial_shops, nicolae_shop_behind_doors,
          kennysheep_boxes
D:7:      layout_cave_pools, lemuel_coloured_pillars_altar, enter_ossuary_1,
          gammafunk_ghost_icy, uniq_prince_ribbit1
Ossuary:  ossuary_zaba_flooded

Notes
Turn   | Place    | Note
-------+----------+-------------------------------------------
     0 | D:1      | Faeu the Minotaur Fighter began the quest for the Orb.
     0 | D:1      | Reached XP level 1. HP: 19/19 MP: 0/0
     0 | D:1      | magus.rc [v1.9.6]
   141 | D:1      | Found a faded altar of an unknown god.
   156 | D:1      | Reached XP level 2. HP: 25/27 MP: 1/1
   247 | D:1      | Reached skill level 4 in Shields
   248 | D:1      | Reached skill level 4 in Armour
   249 | D:1      | Reached skill level 4 in Fighting
   309 | D:1      | Reached skill level 3 in Axes
   348 | D:1      | Reached XP level 3. HP: 29/33 MP: 2/2
   962 | D:2      | Found Rutwibyd's Armour Boutique.
  1411 | D:3      | Identified the +8 mace "Kiclos" {venom, rPois Stlth+}
  1498 | D:3      | Reached XP level 4. HP: 25/40 MP: 3/3
  1504 | D:3      | HP: 10/41 [something (4)]
  1512 | D:3      | HP: 6/41 [orc/+0 war axe (1)]
  1901 | D:3      | Found a runed translucent door.
  1903 | D:3      | Noticed Quickbrownfox's ghost (amateur OpIE)
  2013 | D:3      | Noticed a kobold brigand
  2408 | D:4      | Reached XP level 5. HP: 43/47 MP: 4/4
  2418 | D:4      | Found a snail-covered altar of Cheibriados.
  2443 | D:4      | Found a shadowy altar of Dithmenos.
  2462 | D:4      | Reached skill level 4 in Axes
  2462 | D:4      | Reached skill level 5 in Shields
  2515 | D:4      | Reached skill level 5 in Fighting
  2515 | D:4      | Reached skill level 5 in Armour
  2774 | D:4      | Found an iron altar of Okawaru.
  2781 | D:4      | Became a worshipper of Warmaster Okawaru
  2827 | D:4      | Reached XP level 6. HP: 51/56 MP: 5/5
  3320 | D:4      | Found a burning altar of Makhleb.
  3742 | D:5      | Entered Level 5 of the Dungeon
  4082 | D:5      | Reached skill level 5 in Axes
  4082 | D:5      | Reached XP level 7. HP: 43/62 MP: 6/6
  4434 | D:5      | Reached skill level 6 in Fighting
  4434 | D:5      | Reached skill level 6 in Armour
  4434 | D:5      | Reached skill level 6 in Shields
  4548 | D:5      | You add the spells Olgreb's Toxic Radiance, Ozocubu's
                  | Refrigeration and Ignition to your library.
  4570 | D:5      | Reached * piety under Okawaru
  4639 | D:5      | Found a staircase to the Ecumenical Temple.
  4821 | D:6      | Reached skill level 6 in Axes
  4821 | D:6      | Reached XP level 8. HP: 68/71 MP: 7/7
  4833 | D:6      | Found Yfrac's Weapon Boutique.
  5420 | D:6      | Reached skill level 7 in Fighting
  5420 | D:6      | Reached skill level 7 in Armour
  5420 | D:6      | Reached skill level 7 in Shields
  5564 | D:6      | Reached ** piety under Okawaru
  5573 | D:6      | You pick up a book of Unlife and begin reading...
  5983 | D:7      | Noticed DoubleLucky's ghost (amateur TrFi)
  6107 | D:7      | Reached skill level 7 in Axes
  6148 | D:7      | Found a sacrificial altar of Ru.
  6182 | D:7      | Found a sand-covered staircase.
  6190 | Ossuary  | Entered an ossuary
  6261 | Ossuary  | Reached skill level 8 in Shields
  6261 | Ossuary  | Reached XP level 9. HP: 63/81 MP: 8/8
  6310 | Ossuary  | Reached skill level 8 in Fighting
  6340 | Ossuary  | Reached skill level 8 in Armour
  6374 | Ossuary  | HP: 17/81 [wyvern zombie (12)]
  6375 | Ossuary  | HP: 4/81 [wyvern zombie (5)]
  6377 | Ossuary  | Slain by a wyvern zombie

Vanquished Creatures
  A water moccasin (D:6)
  A hornet zombie (D:5)
  A sky beast (D:5)
  2 black bears
  A necrophage (D:5)
  2 ogres (D:5)
  2 centaurs (D:6)
  A bullfrog (D:6)
  3 scorpions
  A water moccasin zombie (Ossuary)
  A jelly (D:5)
  An electric eel (D:6)
  4 centaur zombies
  3 bullfrog zombies (Ossuary)
  5 hounds
  A gnoll shaman (D:7)
  An iguana (D:6)
  12 mummies (Ossuary)
  2 orc wizards (D:3)
  A killer bee zombie (D:4)
  A hound skeleton (D:5)
  2 howler monkey zombies (D:7)
  An adder (D:3)
  4 gnolls (D:7)
  2 white imps (D:5)
  2 ufetubi
  A worm (D:2)
  2 dart slugs
  10 orcs
  7 bats
  4 endoplasms
  2 giant cockroaches
  4 goblins
  4 hobgoblins
  2 jackals (D:1)
  3 kobolds
  5 quokkas
  6 ball pythons
  3 frilled lizards (D:1)
  4 rats (D:1)
115 creatures vanquished.

Vanquished Creatures (others)
  8 withered plants (Ossuary)
8 creatures vanquished.

Grand Total: 123 creatures vanquished

Table legend:
 A = Non-vault XP
 B = Vault XP
 C = Vault XP percentage of total XP
 D = Non-vault monster count
 E = Vault monster count
 F = Vault count percentage of total count
                 A         B        C        D         E       F
            +---------+---------+-------+---------+---------+-------
      Total |    2417 |     663 |  21.5 |      96 |      19 |  16.5
            +---------+---------+-------+---------+---------+-------
        D:1 |      43 |       0 |   0.0 |      28 |       0 |   0.0
        D:2 |      33 |       0 |   0.0 |      13 |       0 |   0.0
        D:3 |     106 |       0 |   0.0 |      13 |       0 |   0.0
        D:4 |     231 |       0 |   0.0 |       7 |       0 |   0.0
        D:5 |     931 |       0 |   0.0 |      16 |       0 |   0.0
        D:6 |     811 |       0 |   0.0 |      10 |       0 |   0.0
        D:7 |     262 |       0 |   0.0 |       9 |       0 |   0.0
    Ossuary |       0 |     663 | 100.0 |       0 |      19 | 100.0
            +---------+---------+-------+---------+---------+-------

Illustrated notes

Table legend:
 A = Kills in this place as a percentage of kills in entire the game.
 B = Kills by you in this place as a percentage of kills by you in the entire game.
 C = Kills by friends in this place as a percentage of kills by friends in the entire game.
 D = Other kills in this place as a percentage of other kills in the entire game.
 E = Experience gained in this place as a percentage of experience gained in the entire game.
 F = Experience gained in this place divided by the number of levels of this place that you have seen.
                   A       B       C       D       E      F
               +-------+-------+-------+-------+-------+----------------------
         Total | 100.0 | 100.0 |   N/A |   N/A | 100.0 | 385.0
       Dungeon |  83.5 |  83.5 |   N/A |   N/A |  78.5 | 345.3
       Ossuary |  16.5 |  16.5 |   N/A |   N/A |  21.5 | 663.0
               +-------+-------+-------+-------+-------+----------------------

Table legend: (Time is in decaauts)
 A = Elapsed time spent in this place.
 B = Non-inter-level travel time spent in this place.
 C = Inter-level travel time spent in this place.
 D = Time resting spent in this place.
 E = Time spent auto-exploring this place.
 F = Levels seen in this place.
 G = Mean time per level.
                   A        B        C        D        E       F      G
               +--------+--------+--------+--------+--------+-----+--------+
         Total |   6516 |   6366 |    150 |    892 |   2814 |   8 |  814.5 |
       Dungeon |   6292 |   6142 |    150 |    892 |   2799 |   7 |  898.9 |
       Ossuary |    224 |    224 |      0 |      0 |     15 |   1 |  224.0 |
               +--------+--------+--------+--------+--------+-----+--------+

Top non-repeatable levels by time:
     D:4: 1505 daAuts
     D:6: 1123 daAuts
     D:5: 1065 daAuts
     D:3: 993 daAuts
     D:1: 666 daAuts
     D:2: 662 daAuts
     D:7: 275 daAuts
 Ossuary: 224 daAuts
